 Dungeon Crawl Stone Soup version 0.32-a0-607-g64ea0e4219 (webtiles) character file.

Game seed: 13671399871439233950

13631 garrulousMonolith the Fighter (level 12, -9/76 HPs)
             Began as a Gargoyle Fighter on Mar 3, 2024.
             Was a Believer of the Shining One.
             Mangled by a komodo dragon (16 damage)
             ... on level 2 of the Lair of Beasts.
             The game lasted 00:13:33 (11166 turns).

garrulousMonolith the Fighter (Gargoyle Fighter)   Turns: 11166, Time: 00:13:34

Health: -9/76      AC: 26    Str: 20    XL:     12   Next: 8%
Magic:  18/18      EV:  7    Int: 16    God:    the Shining One [**....]
Gold:   614        SH: 12    Dex:  9    Spells: 10/11 levels left

rFire   + . .        v - +2 hammer of the Valley of Death {elec, rPois Int+2}
rCold   . . .        K - +2 kite shield
rNeg    + + .        w - +0 chain mail
rPois   ∞            n - +0 helmet
rElec   +            F - +2 cloak
rCorr   .            s - +0 pair of gloves
SInv    .            (no boots)
Will    +....        (no amulet) Stlth
                     e - ring of willpower
HPRegen 0.32/turn    g - ring of protection from fire
MPRegen 0.16/turn

%: no passive effects
@: glowing
A: sickness immunity, AC +8, negative energy resistance 1, electricity
resistance, torment resistance 1, petrification resistance
a: Renounce Religion, Divine Shield


You were on level 2 of the Lair of Beasts.
You worshipped the Shining One.
The Shining One was pleased with you.
You visited 3 branches of the dungeon, and saw 14 of its levels.

You collected 757 gold pieces.
You spent 143 gold pieces at shops.

Inventory:

Hand Weapons
 a - a +0 war axe
 v - the +2 hammer of the Valley of Death (weapon) {elec, rPois Int+2}
   (You found it on level 3 of the Dungeon)

   Int+2:     It affects your intelligence (+2).
   rPois:     It protects you from poison.
Missiles
 j - 5 datura-tipped darts
 p - 4 javelins
 y - a throwing net (quivered)
Armour
 n - a +0 helmet (worn)
 s - a +0 pair of gloves (worn)
 w - a +0 chain mail (worn)
 F - a +2 cloak (worn)
 K - a +2 kite shield (worn)
Magical Staves
 G - the staff "Hesikete" {^Fragile rElec Stlth+ Conj Hexes}
   (You found it on level 1 of the Lair of Beasts)

   [staff of conjuration]

   Base accuracy: +5 Base damage: 5 Base attack delay: 1.2 This weapon's minimum
   attack delay (0.6) is reached at skill level 12.
   rElec:     It insulates you from electricity.
   ^Fragile:  It will be destroyed if unequipped.
   Stlth+:    It makes you more stealthy.
   Conj:      It increases the power of your Conjurations spells.
   Hexes:     It increases the power of your Hexes spells.
   It falls into the 'Staves' category.
   It is a one-handed weapon.
Jewellery
 e - a ring of willpower (left hand)
 g - a ring of protection from fire (right hand)
 h - the ring of Ziublen {rPois Str+5}
   (You found it on level 5 of the Dungeon)

   [ring of poison resistance]

   Str+5:     It affects your strength (+5).
   rPois:     It protects you from poison.
Wands
 r - a wand of charming (18)
 C - a wand of mindburst (17)
 M - a wand of polymorph (7)
Scrolls
 c - a scroll of torment {unknown}
 i - 2 scrolls of immolation
 m - a scroll of revelation {unknown}
 o - a scroll of fear {unknown}
 q - a scroll of teleportation
 t - a scroll of noise {unknown}
 x - 2 scrolls of summoning {unknown}
 B - a scroll of brand weapon {unknown}
 D - 3 scrolls of fog {unknown}
 H - a scroll of amnesia {unknown}
 J - a scroll of enchant armour {unknown}
Potions
 b - 2 potions of berserk rage
 d - a potion of invisibility
 f - 2 potions of attraction
 k - 4 potions of lignification
 u - a potion of cancellation {unknown}
 z - 2 potions of resistance {unknown}
 A - a potion of ambrosia
 E - a potion of heal wounds
 I - a potion of curing
 L - a potion of haste {unknown}


   Skills:
 + Level 9.3 Fighting
 - Level 8.1(9.2) Axes
 * Level 7.2(9.2) Maces & Flails
 + Level 9.3 Armour
 + Level 9.1 Shields
 + Level 8.3 Invocations


You had 10 spell levels left.
You knew the following spells:

 Your Spells              Type           Power      Damage    Failure   Level
a - Sandblast             Erth           0%         2d4       96%         1

Your spell library contained the following spells:

 Spells                   Type           Power      Damage    Failure   Level
 Freeze                   Ice            0%         1d3       96%         1
 Dazzling Flash           Conj/Hex       0%         N/A       100%        3
 Frozen Ramparts          Ice            0%         1d1       100%        3
 Hailstorm                Conj/Ice       0%         3d5       100%        3
 Inner Flame              Hex/Fire       0%         N/A       100%        3
 Ozocubu's Armour         Ice            0%         N/A       100%        3
 Passwall                 Erth           0%         N/A       100%        3
 Stone Arrow              Conj/Erth      0%         3d7       100%        3
 Tukima's Dance           Hex            0%         N/A       100%        3
 Volatile Blastmotes      Fire/Tloc      0%         2d10      100%        3
 Brom's Barrelling Bould  Conj/Erth      0%         2d3       100%        4
 Fulminant Prism          Conj/Alch      0%         3d5       100%        4
 Iskenderun's Mystic Bla  Conj/Tloc      0%         2d3       100%        4
 Passage of Golubria      Tloc           0%         N/A       100%        4
 Irradiate                Conj/Alch      0%         3d11      100%        5
 Metabolic Englaciation   Hex/Ice        0%         N/A       100%        5
 Yara's Violent Unravell  Hex/Alch       0%         3d3       100%        5
 Sculpt Simulacrum        Ice/Alch       0%         N/A       100%        6
 Starburst                Conj/Fire      0%         6d3       100%        6
 Ignition                 Fire           0%         3d3       100%        8
 Maxwell's Capacitive Co  Air            0%         ∞         100%        8


Dungeon Overview and Level Annotations

Branches:
Dungeon (11/15)            Temple (1/1) D:6            Lair (2/5) D:10
 Shoals (0/4) Lair:2
  Snake: Lair:2-3    Spider: Lair:2-3       Orc: D:9-12

Altars:
Ashenzari
Cheibriados
Dithmenos
Elyvilon
Fedhas
Gozag
Hepliaklqana
Kikubaaqudgha
Makhleb
Nemelex Xobeh
Okawaru
Qazlal
Ru
Sif Muna
Trog
Uskayaw
Vehumet
Wu Jian
Xom
Yredelemnul
Zin
The Shining One

Shops:
D:3 :   D:4 !   D:8 !   D:10 *

Portals:
Abyss: Lair:1

Annotations:
D:5 3 runed translucent doors, Vadun's ghost, amateur DsMo
D:7 1 runed translucent door
D:11 Erica
Lair:1 2 transporters, jasper's ghost, journeyman DsCA


Innate Abilities, Weirdness & Mutations

You are immune to sickness and miasma.
Your stone body is resilient. (AC +8)
You are immune to poison.
You resist negative energy. (rN+)
You are resistant to electric shocks. (rElec)
You are resistant to unholy torment.
You are immune to petrification.


Message History

A komodo dragon is nearby!
You block the komodo dragon's attack.
You hit the komodo dragon but do no damage.
The komodo dragon bites you!
You hit the komodo dragon but do no damage.
The komodo dragon bites you!
You completely miss the komodo dragon. The komodo dragon barely misses you.
You thump the komodo dragon!
The komodo dragon is lightly wounded.
You block the komodo dragon's attack.
You hit the komodo dragon.
The komodo dragon is moderately wounded.
The komodo dragon bites you but does no damage.
You hit the komodo dragon but do no damage.
The komodo dragon is moderately wounded.
You block the komodo dragon's attack.
You hit the komodo dragon but do no damage.
The komodo dragon is lightly wounded.
The komodo dragon bites you!
You are too injured to fight recklessly!
You are too injured to fight recklessly!
A komodo dragon is nearby!
You sock the komodo dragon!
The komodo dragon is moderately wounded.
The komodo dragon bites you!!
You hit the komodo dragon.
The komodo dragon is moderately wounded.
The komodo dragon bites you.
You hit the komodo dragon but do no damage.
Lightning courses through the komodo dragon!
The komodo dragon is severely wounded.
You block the komodo dragon's attack.
You hit the komodo dragon but do no damage.
The komodo dragon is severely wounded.
The komodo dragon bites you!!
* * * LOW HITPOINT WARNING * * *
You barely miss the komodo dragon.
The komodo dragon is severely wounded.
The komodo dragon bites you!
You die...

#.#...## .......
..##....########
.......
........##.#.#.##......
......................
######P..##.##....)...
#...###..........
#P..P####........
#...##.#..(......
##.l@............
....................
........P#.#........
........##.....####.
.......####....#
....... ....# .......
..... ....... ......


You could see a komodo dragon.

Vanquished Creatures
  Gastronok (Lair:1)
  Erolcha (D:10)
  A catoblepas (Lair:1)
  A two-headed ogre (D:10)
  An ugly thing (D:11)
  A black mamba (Lair:1)
  A water nymph (Lair:2)
  Maggie (D:6)
  A cane toad (Lair:1)
  Jeremiah (D:7)
  A komodo dragon (Lair:1)
  A rime drake (Lair:1)
  A troll (D:10)
  A merfolk (Lair:2)
  A hornet (D:8)
  2 wraiths
  2 shadows
  9 yaks
  2 wyverns (Lair:2)
  3 basilisks
  2 vampire mosquitoes (D:10)
  Edmund (D:5)
  2 water moccasins
  3 acid dragons
  An orc warrior (D:5)
  7 wolves
  2 centaurs
  A phantom (D:5)
  5 bullfrogs
  A gnoll sergeant (D:9)
  10 scorpions
  16 wights
  11 killer bees
  3 electric eels (D:10)
  3 howler monkeys
  7 hounds
  2 bombardier beetles
  3 jellies
  2 orc priests
  Crazy Yiuf (D:3)
  A sleepcap (D:4)
  Jessica (D:3)
  Ijyb (D:3)
  3 iguanas
  7 orc wizards
  Robin (D:2)
  7 gnolls
  7 adders
  A white imp (D:8)
  3 dart slugs
  A ribbon worm (D:4)
  23 orcs
  4 ball pythons
  8 endoplasms
  8 giant cockroaches
  9 goblins
  10 hobgoblins
  8 jackals
  8 kobolds
  8 quokkas
  3 frilled lizards
  8 rats
  A butterfly (D:7)
247 creatures vanquished.

Vanquished Creatures (others)
  A yak (D:6)
1 creature vanquished.

Grand Total: 248 creatures vanquished

Notes
Turn   | Place    | Note
-------+----------+-------------------------------------------
     0 | D:1      | garrulousMonolith the Gargoyle Fighter began the quest for
                  | the Orb.
     0 | D:1      | Reached XP level 1. HP: 14/14 MP: 1/1
   121 | D:1      | Reached XP level 2. HP: 19/19 MP: 2/2
   391 | D:1      | Reached XP level 3. HP: 19/23 MP: 3/3
   436 | D:1      | Reached skill level 1 in Invocations
   547 | D:1      | Learned a level 1 spell: Sandblast
  1071 | D:2      | Found a burning altar of Makhleb.
  1370 | D:2      | Noticed Robin
  1381 | D:2      | Reached XP level 4. HP: 27/29 MP: 4/4
  1382 | D:2      | Killed Robin
  1788 | D:3      | Found Ariddiclief's Book Emporium.
  1794 | D:3      | Noticed Ijyb
  1822 | D:3      | Killed Ijyb
  1823 | D:3      | Reached XP level 5. HP: 28/33 MP: 6/6
  2065 | D:3      | Noticed Jessica
  2079 | D:3      | Killed Jessica
  2149 | D:3      | Found a runed translucent door.
  2150 | D:3      | Noticed Crazy Yiuf
  2344 | D:3      | Killed Crazy Yiuf
  2354 | D:3      | Identified the +2 hammer of the Valley of Death {elec,
                  | rPois Int+2}
  2414 | D:4      | Found a glowing golden altar of the Shining One.
  2432 | D:4      | Reached XP level 6. HP: 34/38 MP: 7/7
  2737 | D:4      | Found Hiuxul's Distillery.
  2743 | D:4      | Bought a potion of curing for 39 gold pieces
  2770 | D:4      | Reached XP level 7. HP: 43/44 MP: 7/9
  3438 | D:5      | Entered Level 5 of the Dungeon
  3593 | D:5      | Noticed Edmund
  3612 | D:5      | Killed Edmund
  3613 | D:5      | Reached skill level 5 in Fighting
  3613 | D:5      | Reached skill level 5 in Armour
  3661 | D:5      | Reached skill level 5 in Axes
  3661 | D:5      | Reached skill level 5 in Shields
  3661 | D:5      | Reached XP level 8. HP: 17/49 MP: 10/10
  3860 | D:5      | Found a runed translucent gate.
  3860 | D:5      | Found a runed translucent gate.
  3860 | D:5      | Found a runed translucent gate.
  3860 | D:5      | Noticed Vadun's ghost (amateur DsMo)
  3964 | D:5      | Identified the ring of Ziublen {rPois Str+5}
  4194 | D:4      | Became a worshipper of the Shining One
  4292 | D:6      | Found a staircase to the Ecumenical Temple.
  4391 | Temple   | Entered the Ecumenical Temple
  4696 | D:6      | Noticed a yak
  4698 | D:6      | Noticed a yak
  4698 | D:6      | Noticed a yak
  4716 | D:6      | Killed a yak
  4731 | D:6      | Noticed a yak
  4732 | D:6      | Noticed a yak
  4741 | D:6      | Killed a yak
  4751 | D:6      | HP: 1/51 [yak (7)]
  5144 | D:6      | Noticed Maggie
  5165 | D:6      | Killed Maggie
  5166 | D:6      | Reached XP level 9. HP: 19/55 MP: 12/12
  5699 | D:7      | Reached skill level 5 in Invocations
  5732 | D:7      | Found a runed translucent door.
  5740 | D:7      | Found a runed translucent door.
  6177 | D:7      | Noticed Jeremiah
  6195 | D:7      | Killed Jeremiah
  6775 | D:8      | Found a hide-covered altar of Uskayaw.
  6775 | D:8      | Found a shadowy altar of Dithmenos.
  6832 | D:8      | Reached * piety under the Shining One
  6853 | D:8      | You fall into a shaft and drop 2 floors!
  6853 | D:10     | Entered Level 10 of the Dungeon
  6866 | D:9      | Noticed a hornet
  6876 | D:8      | Killed a hornet
  6877 | D:8      | Reached XP level 10. HP: 54/63 MP: 14/14
  7200 | D:8      | Found Sibb's Distillery.
  7214 | D:8      | Bought a potion of heal wounds for 65 gold pieces
  7214 | D:8      | Bought a potion of curing for 39 gold pieces
  7857 | D:8      | Reached skill level 1 in Maces & Flails
  8283 | D:10     | Noticed a two-headed ogre
  8292 | D:10     | Killed a two-headed ogre
  8357 | D:10     | Reached XP level 11. HP: 68/68 MP: 16/16
  8404 | D:10     | Reached ** piety under the Shining One
  8836 | D:10     | Found a staircase to the Lair.
  8950 | D:10     | Found Filigal's Demolitions Depot.
  9389 | D:10     | Noticed Erolcha
  9409 | D:10     | Killed Erolcha
  9410 | D:10     | Reached skill level 5 in Maces & Flails
  9606 | D:11     | Noticed a red ugly thing
  9615 | D:11     | Killed a red ugly thing
  9758 | D:11     | Noticed Erica
  9802 | Lair:1   | Entered Level 1 of the Lair of Beasts
  9867 | Lair:1   | Noticed a catoblepas
  9891 | Lair:1   | Killed a catoblepas
 10160 | Lair:1   | Found a transporter.
 10291 | Lair:1   | Noticed Gastronok
 10306 | Lair:1   | Killed Gastronok
 10490 | Lair:1   | Found a transporter.
 10497 | Lair:1   | Identified the staff "Hesikete" {^Fragile rElec Stlth+ Conj
                  | Hexes}
 10723 | Lair:1   | Noticed a brown ugly thing
 10724 | Lair:1   | Noticed a spriggan rider
 10737 | Lair:1   | Noticed a thrashing horror
 10815 | Lair:1   | Noticed jasper's ghost (journeyman DsCA)
 10818 | Lair:1   | Found a one-way gate to the infinite horrors of the Abyss.
 10818 | Lair:1   | Noticed a white ugly thing
 10944 | Lair:2   | Reached XP level 12. HP: 63/76 MP: 18/18
 11166 | Lair:2   | Mangled by a komodo dragon

Illustrated notes

Levels and vault maps discovered:
D:1:      matt_arrival_refuge, layout_loops_ring
D:2:      layout_loops_ring, basic_altar, uniq_robin
D:3:      layout_rooms, serial_shops, shop, ebering_dispersal_statue_hall,
          reono_crystal_passage, glass_columns_c, uniq_ijyb,
          uniq_crazy_yiuf_cottage, uniq_jessica
D:4:      layout_basic, tso_metal_star, serial_shops,
          nicolae_shop_rolling_square
D:5:      layout_gridville, gammafunk_ghost_nasty_kobolds,
          minmay_stone_trees_small, dreamdust_wishing_well, uniq_edmund
D:6:      layout_loops_cross, minmay_temple_entry_statues, uniq_maggie
D:7:      lemuel_insect_pit, layout_loops_cross, uniq_jeremiah
D:8:      layout_gridville, gammafunk_temple_overflow_pools, serial_shops,
          nicolae_shop_pleasant_corner_grove
D:9:      layout_cross
D:10:     layout_basic, erik_lair_island, nicolae_blasting_shop, uniq_erolcha
D:11:     layout_loops_corners, uniq_nergalle, uniq_amaemon, uniq_erica
Temple:   nicolae_temple_bog_church
Lair:1:   layout_misc_corridors, gammafunk_ghost_abyssal_escape, uniq_gastronok
Lair:2:   layout_small_grid, nicolae_shoals_entry_flooding,
          nicolae_snake_entry_warm_welcome, fungi_pond_lemuel, ice2_lemuel

Skill      XL: |  1  2  3  4  5  6  7  8  9 10 11 |
---------------+----------------------------------+-----
Axes           | 2 3 4 5 6 7 8 |  8.1
Invocations    | 1 2 3 4 5 7 8 |  8.3
Fighting       | 4 5 6 7 8 9 |  9.3
Armour         | 4 5 7 8 9 |  9.3
Shields        | 4 5 6 7 9 |  9.1
Maces & Flails | 3 7 |  7.2

Action                     |  1- 3 |  4- 6 |  7- 9 | 10-12 || total
---------------------------+-------+-------+-------+-------++-------
  Melee: War axe           |   134 |    86 |       |       ||   220
         Mace              |       |    65 |   259 |   469 ||   793
  Throw: Dart              |       |       |       |     5 ||     5
         Throwing net      |       |       |       |     1 ||     1
 Invoke: Divine Shield     |       |       |       |     1 ||     1
  Evoke: Wand              |       |       |     4 |     5 ||     9
    Use: Scroll            |     1 |       |     4 |     5 ||    10
         Potion            |       |     1 |     5 |     5 ||    11
 Armour: Scale mail        |    99 |   103 |       |       ||   202
         Chain mail        |       |    23 |   255 |   479 ||   757
  Dodge: Dodged            |    65 |    81 |    94 |   167 ||   407
  Block: Buckler           |    26 |    39 |    61 |    30 ||   156
         Kite shield       |       |       |       |   329 ||   329

Table legend: (Time is in decaauts)
 A = Elapsed time spent in this place.
 B = Non-inter-level travel time spent in this place.
 C = Inter-level travel time spent in this place.
 D = Time resting spent in this place.
 E = Time spent auto-exploring this place.
 F = Levels seen in this place.
 G = Mean time per level.
                   A        B        C        D        E       F      G
               +--------+--------+--------+--------+--------+-----+--------+
         Total |  11422 |  10895 |    527 |   1793 |   6743 |  14 |  815.9 |
       Dungeon |  10040 |   9546 |    494 |   1435 |   6004 |  11 |  912.7 |
        Temple |      5 |      5 |      0 |      0 |      0 |   1 |    5.0 |
          Lair |   1376 |   1344 |     32 |    358 |    738 |   2 |  688.0 |
               +--------+--------+--------+--------+--------+-----+--------+

Top non-repeatable levels by time:
     D:6: 1445 daAuts
    D:10: 1302 daAuts
     D:8: 1121 daAuts
     D:4: 1115 daAuts
     D:7: 1078 daAuts
  Lair:1: 1058 daAuts
     D:1: 1001 daAuts
     D:2: 853 daAuts
     D:5: 763 daAuts
     D:3: 641 daAuts
     D:9: 532 daAuts
  Lair:2: 317 daAuts
    D:11: 184 daAuts
  Temple: 5 daAuts
